 Dungeon Crawl Stone Soup version 0.25-a0-310-g60f0ac2d9a (webtiles) character file.

Game seed: 17082222596723827942, levelgen mode: deterministic

17791 crombo the Bludgeoner (level 12, -2/100 HPs)
             Began as a Minotaur Berserker on Dec 23, 2019.
             Was a High Priest of Trog.
             Slain by a soul eater (11 damage)
             ... summoned by an orc sorcerer
             ... on level 2 of the Orcish Mines.
             The game lasted 00:25:11 (13060 turns).

crombo the Bludgeoner (Minotaur Berserker)         Turns: 13060, Time: 00:25:12

Health: -2/100     AC:  9    Str: 23    XL:     12   Next: 22%
Magic:  11/11      EV: 12    Int:  6    God:    Trog [*****.]
Gold:   994        SH:  0    Dex: 14    Spells: 11/11 levels left

rFire    + . .     SeeInvis .   O - +6 great mace (flame)
rCold    + . .     Gourm    .   (shield currently unavailable)
rNeg     . . .     Faith    .   r - +0 scale mail
rPois    +         Spirit   .   (helmet restricted)
rElec    +         Reflect  .   (no cloak)
rCorr    +         Harm     .   (no gloves)
MR       .....                  b - +0 pair of boots
Stlth    +.........             E - amulet of regeneration
HPRegen  0.66/turn              d - +2 ring of intelligence
MPRegen  0.12/turn              C - ring of resist corrosion

@: resistant, very slightly contaminated
A: retaliatory headbutt, claws 1, horns 2, MP-powered wands
a: Berserk, Trog's Hand, Brothers in Arms, Renounce Religion


You were on level 2 of the Orcish Mines.
You worshipped Trog.
Trog was extremely pleased with you.
You were very hungry.

You visited 2 branches of the dungeon, and saw 12 of its levels.
You also visited: Ossuary.

You collected 994 gold pieces.

Inventory:

Hand Weapons
 y - a +1 flail of crushing
 D - a +0 dire flail
 H - a +5 eveningstar of flaming
 M - a +2 morningstar of flaming
 O - a +6 great mace of flaming (weapon)
Armour
 b - a +0 pair of boots (worn)
 r - a +0 scale mail (worn)
Jewellery
 a - an uncursed ring of stealth
 d - a +2 ring of intelligence (left claw)
 h - an uncursed amulet of guardian spirit
 C - a ring of resist corrosion (right claw)
 E - an amulet of regeneration (around neck)
 I - an uncursed ring of positive energy
Wands
 s - a wand of enslavement (7)
 u - a wand of digging (2)
 v - a wand of polymorph (8)
 N - a wand of acid (4)
 P - a wand of random effects (11)
Scrolls
 g - 2 scrolls of noise {unknown}
 j - 2 scrolls of immolation
 l - a scroll of fear
 n - 2 scrolls of magic mapping {unknown}
 o - 2 scrolls of teleportation
 p - a scroll of fog {unknown}
 t - 3 scrolls of blinking {unknown}
 w - 2 scrolls of amnesia
 G - a scroll of brand weapon {unknown}
 J - 2 scrolls of remove curse
 K - a scroll of enchant armour {unknown}
Potions
 f - 6 potions of curing
 i - 4 potions of flight
 k - 2 potions of agility {unknown}
 q - a potion of lignification
 z - a potion of degeneration
 A - a potion of ambrosia
 B - 4 potions of brilliance
 F - a potion of mutation
 L - 2 potions of cancellation
Comestibles
 c - 15 rations


   Skills:
 - Level 7.0 Fighting
 + Level 19.9 Maces & Flails
 - Level 7.2 Armour
 - Level 4.4 Dodging
 - Level 2.3 Stealth
 - Level 0.2 Unarmed Combat


You had 11 spell levels left.
You didn't know any spells.
Your spell library was empty.

Dungeon Overview and Level Annotations

Branches:
Dungeon (10/15)            Temple (0/1) D:5            Lair (0/6) D:9
    Orc (2/2) D:10        Ossuary (visited)
    Elf: Orc:2

Altars:
Ashenzari
Makhleb
Nemelex Xobeh
Uskayaw
Vehumet
Wu Jian
The Shining One
Beogh

Shops:
D:4 %   Orc:2 [


Innate Abilities, Weirdness & Mutations

You reflexively headbutt those who attack you in melee.
You have a pair of horns on your head.
You have sharp fingernails.
You expend magic power (3 MP) to strengthen your wands.


Message History

You completely miss the soul eater.
The soul eater draws from the surrounding life force!
* * * LOW HITPOINT WARNING * * *
You barely miss the soul eater.
Your surroundings seem slightly different.
You hit the soul eater but do no damage.
Your headbutt misses the soul eater. You bludgeon the soul eater!!
You burn the soul eater! Your headbutt misses the soul eater.
The soul eater is severely wounded.
The soul eater misses you.
You hit the soul eater. You burn the soul eater.
Your headbutt misses the soul eater.
The soul eater is severely wounded.
The soul eater barely misses you.
You hit the soul eater. You burn the soul eater.
You headbutt the soul eater, but do no damage.
The soul eater is almost dead.
The soul eater hits you!
You die...

....###.$.
##........
#........
.C.....
##....###
#.....#.#
#.).#
##..##...
#@3.....#
###.....#
.....#
..#....
.o#....
#.# ... ##
..


You could see a soul eater.

Vanquished Creatures
  An orc warlord (Orc:1)
  Josephine (Orc:1)
  Erolcha (Orc:1)
  Harold (D:9)
  A hydra (D:9)
  2 two-headed ogres
  Erica (D:10)
  A necromancer (D:10)
  An orc sorcerer (Orc:2)
  An orc knight (Orc:1)
  Maurice (D:9)
  Joseph (D:7)
  Psyche (D:8)
  A komodo dragon (D:9)
  2 trolls
  Grinder (D:4)
  Prince Ribbit (D:5)
  2 dream sheep (D:9)
  A hippogriff (D:10)
  4 wraiths
  2 yaks (D:9)
  2 hungry ghosts (D:7)
  An acid dragon (D:9)
  A warg (Orc:1)
  A water moccasin (D:6)
  11 orc warriors
  A black bear (D:8)
  A sky beast (D:8)
  2 ice beasts
  9 ogres
  4 necrophages (D:8)
  2 centaurs
  3 crocodiles
  7 bullfrogs
  3 big kobolds (D:9)
  A water moccasin zombie (Ossuary)
  6 killer bees
  3 scorpions
  5 wights (D:8)
  4 howler monkeys
  4 crimson imps
  2 bullfrog zombies (Ossuary)
  2 centaur zombies
  A quasit (D:10)
  7 orc priests
  3 hounds
  A bullfrog skeleton (D:5)
  A centaur skeleton (D:10)
  4 jellies
  9 orc wizards
  2 iguanas (D:5)
  16 mummies
  10 worker ants
  2 wolf simulacra (D:10)
  A killer bee zombie (D:8)
  4 polar bear simulacra (D:10)
  2 yak simulacra (D:10)
  6 hound zombies
  4 worker ant zombies
  2 howler monkey zombies (Ossuary)
  Robin (D:4)
  A howler monkey skeleton (D:6)
  3 gnolls (D:5)
  12 adders
  A shadow imp (D:10)
  2 adder zombies (Ossuary)
  An adder skeleton (D:7)
  4 worms
  A dart slug (D:1)
  3 leopard geckos
  30 orcs
  A ball python (D:3)
  3 giant cockroaches
  18 goblins
  9 hobgoblins
  6 jackals
  6 quokkas
  8 bats
  8 frilled lizards
  7 kobolds
  A leopard gecko skeleton (D:4)
  A leopard gecko zombie (Ossuary)
  A quokka skeleton (D:4)
  2 quokka zombies (Ossuary)
  15 rats
  3 river rat simulacra (D:10)
326 creatures vanquished.

Vanquished Creatures (others)
  17 fungi (Orc:2)
  2 withered plants (Ossuary)
19 creatures vanquished.

Grand Total: 345 creatures vanquished

Notes
Turn   | Place    | Note
-------+----------+-------------------------------------------
     0 | D:1      | crombo the Minotaur Berserker began the quest for the Orb.
     0 | D:1      | Reached XP level 1. HP: 19/19 MP: 0/0
   246 | D:1      | Reached skill level 4 in Maces & Flails
   246 | D:1      | Reached XP level 2. HP: 27/27 MP: 1/1
   623 | D:1      | Reached ** piety under Trog
   732 | D:2      | Reached XP level 3. HP: 23/33 MP: 2/2
  1768 | D:3      | Reached XP level 4. HP: 27/40 MP: 3/3
  1791 | D:3      | Found a hide-covered altar of Uskayaw.
  1936 | D:3      | Reached skill level 5 in Maces & Flails
  2875 | D:4      | Noticed Robin
  2878 | D:4      | Reached *** piety under Trog
  2881 | D:4      | Reached XP level 5. HP: 45/47 MP: 4/4
  2886 | D:4      | Killed Robin
  3113 | D:4      | Reached skill level 1 in Stealth
  3442 | D:4      | Noticed an ogre
  3449 | D:4      | Killed an ogre
  3449 | D:4      | Reached skill level 5 in Fighting
  3449 | D:4      | Reached skill level 6 in Maces & Flails
  3449 | D:4      | Reached XP level 6. HP: 21/56 MP: 1/5
  3888 | D:4      | Noticed Grinder
  3893 | D:4      | Paralysed by Grinder for 3 turns
  3897 | D:4      | Killed Grinder
  3897 | D:4      | Reached XP level 7. HP: 61/61 MP: 6/6
  4060 | D:4      | Found Fuucoo's Food Boutique.
  4074 | D:4      | Reached skill level 7 in Maces & Flails
  4330 | D:5      | Entered Level 5 of the Dungeon
  4334 | D:5      | Noticed Prince Ribbit
  4342 | D:5      | Killed Prince Ribbit
  4342 | D:5      | Reached skill level 5 in Armour
  4526 | D:5      | Found a staircase to the Ecumenical Temple.
  4572 | D:5      | Reached XP level 8. HP: 62/70 MP: 7/7
  4605 | D:5      | Reached skill level 8 in Maces & Flails
  5014 | D:5      | Found a shattered altar of Ashenzari.
  5719 | D:6      | Reached **** piety under Trog
  6004 | D:6      | Reached skill level 9 in Maces & Flails
  6345 | D:6      | Noticed a two-headed ogre
  6352 | D:6      | Killed a two-headed ogre
  6352 | D:6      | Reached skill level 10 in Maces & Flails
  6352 | D:6      | Reached XP level 9. HP: 62/79 MP: 6/8
  6859 | D:7      | Reached skill level 11 in Maces & Flails
  7135 | D:7      | Reached skill level 12 in Maces & Flails
  7222 | D:7      | Noticed Joseph
  7243 | D:7      | Killed Joseph
  7563 | D:8      | Found a sand-covered staircase.
  7581 | D:8      | Found a sparkling altar of Nemelex Xobeh.
  7610 | Ossuary  | Entered an ossuary
  7624 | Ossuary  | Reached skill level 13 in Maces & Flails
  7757 | Ossuary  | Reached ***** piety under Trog
  7757 | Ossuary  | Received a gift from Trog
  7796 | Ossuary  | Reached XP level 10. HP: 82/86 MP: 9/9
  8618 | D:8      | Found a glowing golden altar of the Shining One.
  8624 | D:8      | Noticed Psyche
  8650 | D:8      | Gained mutation: You are weak. (Str -2) [potion of
                  | mutation]
  8650 | D:8      | Gained mutation: You tend to lose your temper in combat.
                  | [potion of mutation]
  8650 | D:8      | Gained mutation: You expend magic power (3 MP) to
                  | strengthen your wands. [potion of mutation]
  8651 | D:8      | Lost mutation: You are weak. (Str -2) [potion of mutation]
  8651 | D:8      | Lost mutation: You tend to lose your temper in combat.
                  | [potion of mutation]
  8651 | D:8      | Lost mutation: You expend magic power (3 MP) to strengthen
                  | your wands. [potion of mutation]
  8651 | D:8      | Gained mutation: You expend magic power (3 MP) to
                  | strengthen your wands. [potion of mutation]
  8651 | D:8      | Gained mutation: You have sharp fingernails. [potion of
                  | mutation]
  8667 | D:8      | Killed Psyche
  8667 | D:8      | Reached skill level 14 in Maces & Flails
  8912 | D:8      | Found an ornate altar of the Wu Jian Council.
  9232 | D:8      | Reached skill level 15 in Maces & Flails
  9300 | D:8      | Found a radiant altar of Vehumet.
  9300 | D:8      | Found a burning altar of Makhleb.
  9635 | D:9      | Noticed Harold
  9647 | D:9      | Killed Harold
  9647 | D:9      | Reached skill level 16 in Maces & Flails
  9717 | D:9      | Noticed a two-headed hydra
  9722 | D:9      | Killed a two-headed hydra
  9722 | D:9      | Reached XP level 11. HP: 46/91 MP: 10/10
  9911 | D:9      | Noticed Maurice
  9923 | D:9      | Killed Maurice
 10017 | D:9      | Noticed a two-headed ogre
 10021 | D:9      | Killed a two-headed ogre
 10021 | D:9      | Reached skill level 17 in Maces & Flails
 10318 | D:9      | Received a gift from Trog
 10383 | D:9      | Found a staircase to the Lair.
 10527 | D:10     | Entered Level 10 of the Dungeon
 10618 | D:10     | Noticed Erica
 10635 | D:10     | Killed Erica
 10635 | D:10     | Reached skill level 18 in Maces & Flails
 10687 | D:10     | Found a staircase to the Orcish Mines.
 11257 | D:10     | Noticed a necromancer
 11261 | D:10     | Killed a necromancer
 11342 | Orc:1    | Entered Level 1 of the Orcish Mines
 11528 | Orc:2    | Entered Level 2 of the Orcish Mines
 11528 | Orc:2    | Noticed Erolcha
 11537 | Orc:2    | Paralysed by Erolcha for 6 turns
 11548 | Orc:2    | Noticed Josephine
 11550 | Orc:2    | HP: 3/91 [Erolcha/+0 giant club (8)]
 11870 | Orc:1    | Killed Erolcha
 11870 | Orc:1    | Reached skill level 19 in Maces & Flails
 12188 | Orc:1    | Killed Josephine
 12360 | Orc:2    | Reached XP level 12. HP: 82/100 MP: 11/11
 12422 | Orc:2    | Found a roughly hewn altar of Beogh.
 12445 | Orc:2    | Noticed an orc warlord
 12490 | Orc:1    | Killed an orc warlord
 12898 | Orc:2    | Received a gift from Trog
 12967 | Orc:2    | Found Luwiqaamn's Antique Armour Shop.
 12971 | Orc:2    | Noticed an orc high priest
 12989 | Orc:2    | Noticed an ettin
 13060 | Orc:2    | Slain by a soul eater

Levels and vault maps discovered:
D:1:      elethiomel_arrival_quiet, layout_rooms, serial_curves, eino_curves_01,
          eino_curves_01, minmay_rat_gold_closets
D:2:      layout_loops_ring, first_ration, minmay_stone_trees_small
D:3:      layout_rooms, eat_drink_and_be_merry_uskayaw, minmay_misc_feat_tiny
D:4:      layout_basic, serial_shops, shop, grunt_decor_arrowhead, uniq_robin,
          uniq_grinder
D:5:      layout_loops_ring, cheibrodos_ashenzari_chains,
          minmay_temple_entry_purple_smoke, uniq_prince_ribbit1
D:6:      layout_gridville
D:7:      layout_gridville, uniq_joseph
D:8:      layout_basic, grunt_temple_overflow_lords_of_destruction,
          kennysheep_mini, lemuel_doored_altar, enter_ossuary_3, serial_undead,
          serial_undead_f, serial_undead_d, serial_undead_d, serial_undead_c,
          basic_altar, uniq_psyche
D:9:      layout_basic, erik_lair_dragon, serial_curves, eino_curves_04,
          eino_curves_03, hangedman_ranch [blue_anna_fruit_fields], uniq_harold,
          uniq_maurice
D:10:     layout_roguey, orc_0_dummy, eino_house_with_fridge, uniq_erica
Orc:1:    layout_caves, serial_shops, nicolae_shop_stone
Orc:2:    grunt_orc_gardens, layout_diamond_mine, grunt_orc_garden,
          grunt_orc_garden, grunt_orc_garden, grunt_orc_garden, mines2_david,
          uniq_erolcha, uniq_josephine

Skill      XL: |  1  2  3  4  5  6  7  8  9 10 11 |
---------------+----------------------------------+-----
Maces & Flails | 4 5 6 7 10 13 16 19 | 19.9
Fighting       | 4 5 6 7 |  7.0
Dodging        | 3 4 |  4.4
Stealth        | 1 2 |  2.3
Armour         | 3 4 5 7 |  7.2
Unarmed Combat | |  0.2

Action                   |  1- 3 |  4- 6 |  7- 9 | 10-12 || total
-------------------------+-------+-------+-------+-------++-------
Melee: Mace              |    90 |    89 |       |       ||   179
       Headbutt          |    12 |    20 |    63 |    78 ||   173
       Flail             |       |     7 |   258 |       ||   265
       Unarmed           |       |     1 |       |       ||     1
       Morningstar       |       |       |    10 |   205 ||   215
       Punch             |       |       |     1 |       ||     1
       Great mace        |       |       |       |   182 ||   182
Invok: Berserk           |       |     2 |       |     4 ||     6
  Use: Scroll            |       |     5 |     2 |    15 ||    22
       Potion            |       |     1 |     1 |    12 ||    14
 Stab: Sleeping          |     3 |     2 |       |       ||     5
  Eat: Chunk             |     2 |     6 |     3 |     7 ||    18
       Ration            |       |     1 |     3 |     4 ||     8
Armor: Animal skin       |    12 |     6 |       |       ||    18
       Scale mail        |       |    18 |    71 |   107 ||   196
       Skin              |       |       |     8 |    19 ||    27
Dodge: Dodged            |    59 |    61 |   142 |   168 ||   430

Table legend:
 A = Non-vault XP
 B = Vault XP
 C = Vault XP percentage of total XP
 D = Non-vault monster count
 E = Vault monster count
 F = Vault count percentage of total count
                 A         B        C        D         E       F
            +---------+---------+-------+---------+---------+-------
      Total |    9831 |   15586 |  61.3 |     214 |     112 |  34.4
            +---------+---------+-------+---------+---------+-------
        D:1 |      31 |       8 |  20.5 |      19 |       8 |  29.6
        D:2 |      49 |       0 |   0.0 |      21 |       0 |   0.0
        D:3 |      96 |       0 |   0.0 |      28 |       0 |   0.0
        D:4 |     494 |     317 |  39.1 |      17 |      11 |  39.3
        D:5 |     754 |     259 |  25.6 |      21 |       1 |   4.5
        D:6 |    1454 |       0 |   0.0 |      15 |       0 |   0.0
        D:7 |     884 |     434 |  32.9 |      18 |       1 |   5.3
        D:8 |    1754 |    1086 |  38.2 |      31 |      10 |  24.4
        D:9 |    1690 |    4393 |  72.2 |      10 |      14 |  58.3
       D:10 |    2132 |    1796 |  45.7 |      27 |      13 |  32.5
      Orc:1 |     404 |    4968 |  92.5 |       4 |       8 |  66.7
      Orc:2 |      89 |    1582 |  94.7 |       3 |      13 |  81.2
    Ossuary |       0 |     743 | 100.0 |       0 |      33 | 100.0
            +---------+---------+-------+---------+---------+-------
